 Dungeon Crawl Stone Soup version 0.31-a0-321-g19405a7a6a (webtiles) character file.

Game seed: 7259937519108959937

186492 bmack86 the Warrior (level 17, -5/171 HPs)
             Began as a Minotaur Fighter on July 17, 2023.
             Was an Initiate of Gozag.
             Shot with an arrow by Vashnia (15 damage)
             ... on level 2 of the Snake Pit on July 18, 2023.
             The game lasted 01:25:06 (31139 turns).

bmack86 the Warrior (Minotaur Fighter)             Turns: 31139, Time: 01:25:08

Health: -5/171     AC: 32    Str: 38    XL:     17   Next: 43%
Magic:  16/16      EV:  8    Int:  5    God:    Gozag
Gold:   6644       SH:  7    Dex:  9    Spells: 16/16 levels left

rFire   + . .        Y - +8 broad axe of Dishonesty {freeze, Str+5 Stlth-}
rCold   + + +        b - +2 buckler {reflect}
rNeg    + + .        m - +0 gold dragon scales
rPois   +            N - +2 hat
rElec   .            C - +0 cloak
rCorr   +            l - +0 pair of gloves
SInv    .            g - +2 pair of boots {Fly}
Will    +....        U - amulet of regeneration Stlth
                     R - ring of Propriety {rC++ rN++ Str+6 Dex-3}
HPRegen 1.28/turn    w - ring of resist corrosion
MPRegen 0.15/turn

%: reflection
@: lethally poisoned (-5 -> -9), silenced, gold aura, flying, studying Ice Magic
A: horns 2, retaliatory headbutt
}: 1/15 runes: decaying
a: Renounce Religion


You were on level 2 of the Snake Pit.
You worshipped Gozag.
Gozag was greatly pleased with you.
You visited 6 branches of the dungeon, and saw 29 of its levels.
You also visited: Sewer and Ice Cave.

You collected 10094 gold pieces.
You spent 1010 gold pieces at shops.
You paid 2440 gold pieces to Gozag.

Inventory:

Hand Weapons
 o - a +3 broad axe of venom
 Y - the +8 broad axe of Dishonesty (weapon) {freeze, Str+5 Stlth-}
   (You bought it in a shop on level 2 of the Orcish Mines)

   Str:       It affects your strength (+5).
   Stlth:     It makes you less stealthy.
Missiles
 v - 5 javelins
 H - 25 boomerangs
 L - a throwing net
Armour
 b - a +2 buckler of reflection (worn)
 g - a +2 pair of boots of flying (worn)
 i - a +0 tower shield
 l - a +0 pair of gloves (worn)
 m - +0 gold dragon scales (worn)
 C - a +0 cloak (worn)
 N - a +2 hat (worn)
Jewellery
 t - the amulet "Jyat" {Spirit Str+2}
   (You found it on level 4 of the Dungeon)

   [amulet of guardian spirit]

   It causes incoming damage to be divided between your reserves of health and
   magic.
   Str:       It affects your strength (+2).
 w - a ring of resist corrosion (right hand)
 A - a ring of protection from fire
 D - a ring of magical power
 R - the ring of Propriety (left hand) {rC++ rN++ Str+6 Dex-3}
   (You found it in an ice cave)

   [ring of strength]

   Str:       It affects your strength (+6).
   Dex:       It affects your dexterity (-3).
   rC:        It greatly protects you from cold.
   rN:        It greatly protects you from negative energy.
 U - an amulet of regeneration (around neck)
Wands
 e - a wand of digging (7)
 x - a wand of roots (16)
 y - a wand of flame (47) (quivered)
 B - a wand of acid (13)
 K - a wand of polymorph (3)
 O - a wand of charming (9)
 P - a wand of mindburst (9)
Scrolls
 a - 4 scrolls of fear
 c - 2 scrolls of identify
 n - 4 scrolls of fog
 r - 13 scrolls of teleportation
 E - 2 scrolls of revelation
 I - 2 scrolls of silence
 M - a scroll of blinking
 T - 2 scrolls of amnesia
 W - a scroll of poison
Potions
 d - 10 potions of mutation
 f - 2 potions of resistance
 h - 5 potions of enlightenment
 j - 5 potions of lignification
 k - 7 potions of invisibility
 p - 3 potions of cancellation
 q - 9 potions of curing
 s - a potion of might
 u - 3 potions of haste
 z - 6 potions of brilliance
 F - 3 potions of ambrosia
 G - 2 potions of magic
 S - 2 potions of heal wounds


   Skills:
 + Level 20.4 Fighting
 + Level 20.1 Axes
 - Level 10.0 Throwing
 + Level 19.2 Armour
 - Level 8.2 Shields
 - Level 8.0 Evocations


You had 16 spell levels left.
You didn't know any spells.
Your spell library contained the following spells:

 Spells                   Type           Power      Damage    Failure   Level
 Kiss of Death            Conj/Necr      0%         2d5       99%         1
 Magic Dart               Conj           0%         1d3       99%         1
 Shock                    Conj/Air       0%         1d3       99%         1
 Sting                    Tmut/Pois      0%         1d3       99%         1
 Summon Small Mammal      Summ           0%         N/A       99%         1
 Cigotuvi's Dreadful Rot  Necr/Pois/Air  0%         N/A       99%         2
 Poisonous Vapours        Pois/Air       0%         N/A       99%         2
 Scorch                   Fire           0%         2d5       99%         2
 Searing Ray              Conj           0%         2d4       99%         2
 Static Discharge         Conj/Air       0%         2-2/arc   99%         2
 Confusing Touch          Hex            0%         N/A       100%        3
 Dazzling Flash           Conj/Hex       0%         N/A       100%        3
 Ignite Poison            Fire/Tmut/Pois 0%         N/A       100%        3
 Ozocubu's Armour         Ice            0%         N/A       100%        3
 Stone Arrow              Conj/Erth      0%         3d7       100%        3
 Swiftness                Air            0%         N/A       100%        3
 Tukima's Dance           Hex            0%         N/A       100%        3
 Airstrike                Air            0%         2d(0-16)  100%        4
 Animate Armour           Summ/Erth      0%         N/A       100%        4
 Dispel Undead            Necr           0%         3d6       100%        4
 Flame Wave               Conj/Fire      0%         2d4       100%        4
 Fulminant Prism          Conj/Hex       0%         3d5       100%        4
 Olgreb's Toxic Radiance  Pois           0%         N/A       100%        4
 Passage of Golubria      Tloc           0%         N/A       100%        4
 Summon Lightning Spire   Summ/Air       0%         N/A       100%        4
 Agony                    Necr           0%         N/A       100%        5
 Alistair's Intoxication  Tmut/Pois      0%         N/A       100%        5
 Borgnjor's Vile Clutch   Necr/Erth      0%         N/A       100%        5
 Freezing Cloud           Conj/Ice/Air   0%         6-21      100%        5
 Metabolic Englaciation   Hex/Ice        0%         N/A       100%        5
 Silence                  Hex/Air        0%         N/A       100%        5
 Summon Forest            Summ/Tloc      0%         N/A       100%        5
 Yara's Violent Unravell  Hex/Tmut       0%         3d3       100%        5
 Eringya's Noxious Bog    Tmut/Pois      0%         4d6       100%        6
 Summon Cactus Giant      Summ           0%         N/A       100%        6
 Haunt                    Necr/Summ      0%         N/A       100%        7
 Summon Hydra             Summ           0%         N/A       100%        7
 Borgnjor's Revivificati  Necr           0%         N/A       100%        8
 Lehudib's Crystal Spear  Conj/Erth      0%         10d2      100%        8
 Death's Door             Necr           0%         N/A       100%        9
 Simulacrum               Ice/Necr       Unusable   N/A       N/A         6

Dungeon Overview and Level Annotations

Branches:
Dungeon (15/15)            Temple (1/1) D:7            Lair (5/5) D:8
  Swamp (4/4) Lair:2        Snake (2/4) Lair:3        Slime (0/5) Lair:5
    Orc (2/2) D:9             Elf (0/3) Orc:2        Vaults (0/5) D:14
 Depths (0/4) D:15          Sewer (visited)           IceCv (visited)

Altars:
Ashenzari
Cheibriados
Dithmenos
Elyvilon
Fedhas
Gozag
Hepliaklqana
Kikubaaqudgha
Makhleb
Nemelex Xobeh
Okawaru
Qazlal
Ru
Sif Muna
Trog
Uskayaw
Vehumet
Wu Jian
Xom
Yredelemnul
Zin
The Shining One
Jiyva

Shops:
D:1 [   D:12 (   Orc:1 [=*:[   Orc:2 ([*=

Portals:
Trove: D:12 (show slimy rune of Zot)

Annotations:
D:9 1 runed translucent door, Newt's ghost, journeyman DsGl
Lair:3 2 transporters, SirDiesAlot's ghost, journeyman OpSh
Snake:2 Vashnia


Innate Abilities, Weirdness & Mutations

You have a pair of horns on your head.
You reflexively headbutt those who attack you in melee.


Message History

The naga sharpshooter unwields a +0 dire flail.
The naga sharpshooter wields a +0 shortbow.
The naga sharpshooter shoots an arrow.
The arrow hits you!
Vashnia unwields a +2 heavy mace.
Vashnia wields a +0 longbow.
Vashnia shoots an arrow.
The arrow hits you but does no damage.
You open the naga like a pillowcase!!! You freeze the naga.
You kill the naga!
You feel sick.
You feel very sick.
The naga sharpshooter spits poison at you.
The splash of poison hits you but does no damage.
You are more poisoned.
You resist.
Vashnia makes some cryptic hand gestures, then points.
Vashnia spits poison at you.
The splash of poison hits you but does no damage.
You resist.
Things that are here:
17 gold pieces; a +0 hand axe; a +0 robe You feel very sick.
The naga sharpshooter gestures wildly while chanting.
The naga sharpshooter magically shoots an arrow.
The arrow completely misses you.
Vashnia shoots an arrow.
The arrow hits you!!
You feel sick.
The naga sharpshooter shoots an arrow.
The arrow hits you!
Vashnia shoots an arrow.
The arrow hits you!!
* * * LOW HITPOINT WARNING * * *
You feel sick.
The naga sharpshooter gestures wildly while chanting.
The naga sharpshooter magically shoots an arrow.
The arrow hits you.
* * * LOW HITPOINT WARNING * * *
Vashnia shoots an arrow.
The arrow hits you!!
* * * LOW HITPOINT WARNING * * *
You feel sick.
The naga sharpshooter spits poison at you.
The splash of poison hits you but does no damage.
You are more poisoned.
You resist.
Vashnia shoots an arrow.
The arrow hits you!
You die...
Your body crumbles into a pile of gold.

#......##
####..
####...#
#.....
###.#..#
#..<..
#......#
#.....
###....#
#.....
##..N...#
#.....
#.###NN##
##....
#.##..##
##...
######.@.##
##..
##...#...##
##.
#.#...$.##
#.#.##.##
#.$$##$#
##...#.##
#.##..##
#####..#
#.##.###


You could see Vashnia and a naga sharpshooter (catching breath).

Vanquished Creatures
  2 thorn hunters
  Frances (D:14)
  Roxanne (Snake:1)
  2 azure jellies (IceCv)
  Louise (Swamp:1)
  An orc warlord (Orc:2)
  The ghost of Ylounoac the Severer, a journeyman MiBe of Trog (D:14)
  4 eleionomae
  3 bunyips
  4 dire elephants (Lair:5)
  An ettin (Orc:1)
  2 fire dragons
  A shambling mangrove (Swamp:4)
  18 hydras
  A vault guard (D:14)
  2 anacondas
  Erica (Orc:1)
  5 alligators
  4 ghost crabs
  3 centaur warriors
  4 boulder beetles
  A death knight (D:13)
  4 two-headed ogres
  18 death yaks
  A naga warrior (Snake:2)
  3 tengu warriors
  5 orc high priests
  A spectral dire elephant (Lair:5)
  2 naga sharpshooters (Snake:1)
  3 shock serpents
  2 skysharks
  A skeletal warrior (D:13)
  10 spriggan druids
  4 goliath frogs
  A spectral anaconda (Lair:5)
  5 sea snakes (Snake:1)
  The ghost of Midn8 the Destroyer, a novice OpCj of Fedhas (D:6)
  6 bog bodies
  11 swamp dragons
  An obsidian statue (Lair:5)
  2 naga ritualists (Snake:1)
  2 deep elf pyromancers
  A phantasmal warrior (D:13)
  2 wizards (D:15)
  4 mana vipers
  4 necromancers
  10 orc knights
  9 ugly things
  5 orc sorcerers
  A wolf spider (D:13)
  A salamander (Snake:1)
  5 cyclopes
  13 elephants
  A manticore (D:11)
  2 naga magi
  12 black mambas
  2 ice statues (IceCv)
  A centaur zombie (D:15)
  A dire elephant zombie (Lair:5)
  Joseph (D:10)
  A dire elephant skeleton (Lair:5)
  An unseen horror (D:13)
  A torpor snail (Lair:2)
  6 gargoyles
  3 centaur skeletons (D:15)
  3 kobold demonologists
  An unseen horror (shapeshifter) (D:14)
  An anaconda simulacrum (Lair:1)
  10 cane toads
  5 yaktaurs
  A freezing wraith (D:13)
  2 tengu conjurers
  7 rime drakes
  7 komodo dragons
  An ice devil (Lair:1)
  3 polar bears
  11 hornets
  7 trolls
  6 tyrant leeches
  Grinder (Sewer)
  13 blink frogs
  2 spectral elephants (Lair:5)
  A meliai zombie (D:15)
  A shadow (D:12)
  4 wraiths
  37 slime creatures
  A centaur simulacrum (D:13)
  10 spriggans
  4 wyverns
  A basilisk (D:15)
  48 yaks
  A vampire (D:11)
  A steam dragon (Lair:1)
  A death yak simulacrum (Lair:5)
  13 vampire mosquitoes
  A fire elemental (Lair:1)
  2 wargs
  7 nagas
  12 swamp worms
  A spectral cane toad (Lair:5)
  A harpy simulacrum (Lair:1)
  22 water moccasins
  4 acid dragons
  10 swamp drakes
  39 orc warriors
  2 ice beasts
  3 great orb of eyes simulacra (IceCv)
  2 elephant zombies (Lair:5)
  23 wolves
  5 centaurs
  7 ogres
  An elephant skeleton (Lair:5)
  4 slime creature simulacra (IceCv)
  A phantom (D:4)
  4 kobold brigands
  6 bullfrogs
  6 scorpions
  4 cane toad simulacra
  3 glowing shapeshifter simulacra (IceCv)
  11 wights
  20 killer bees
  2 elephant simulacra
  5 electric eels
  A lava snake (Lair:1)
  A quasit (Sewer)
  4 hounds
  12 orc priests
  Crazy Yiuf (D:7)
  A jelly (D:5)
  A gnoll bouda (D:9)
  Jessica (D:3)
  Terence (D:3)
  5 iguanas
  23 orc wizards
  Natasha (thrice) (D:4)
  A scorpion zombie (D:3)
  4 shapeshifter simulacra (IceCv)
  2 polar bear simulacra (Lair:1)
  17 gnolls
  A river rat (D:5)
  4 adders
  A naga simulacrum (Lair:1)
  4 shadow imps
  A white imp (Lair:1)
  7 ufetubi
  2 adder zombies
  4 worms
  6 dart slugs
  84 orcs
  5 endoplasms
  4 giant cockroaches
  6 goblins
  8 hobgoblins
  21 kobolds
  6 quokkas
  6 ball pythons
  7 bats
  3 frilled lizards
  A jackal zombie (D:3)
  A kobold zombie (Sewer)
  A quokka zombie (D:3)
  8 rats
914 creatures vanquished.

Vanquished Creatures (others)
  A hydra (Swamp:3)
  An elephant (Lair:5)
  A bloated husk (Swamp:2)
  An endoplasm (Sewer)
4 creatures vanquished.

Grand Total: 918 creatures vanquished

Notes
Turn   | Place    | Note
-------+----------+-------------------------------------------
     0 | D:1      | bmack86 the Minotaur Fighter began the quest for the Orb.
     0 | D:1      | Reached XP level 1. HP: 19/19 MP: 0/0
   154 | D:1      | Reached XP level 2. HP: 26/26 MP: 1/1
   242 | D:1      | Found Taptidib's Armour Boutique.
   484 | D:2      | Reached XP level 3. HP: 31/31 MP: 2/2
   662 | D:2      | Reached skill level 5 in Axes
   666 | D:2      | Reached XP level 4. HP: 3/39 MP: 3/3
  1066 | D:3      | Noticed Jessica
  1073 | D:3      | Killed Jessica
  1195 | D:3      | Noticed Terence
  1201 | D:3      | Killed Terence
  1202 | D:3      | Reached XP level 5. HP: 35/45 MP: 4/4
  1808 | D:3      | Found a basalt altar of Yredelemnul.
  2052 | D:4      | Noticed a phantom
  2062 | D:4      | Killed a phantom
  2063 | D:4      | Reached XP level 6. HP: 50/51 MP: 5/5
  2106 | D:4      | Identified the amulet "Jyat" {Spirit Str+2}
  2131 | D:4      | Noticed Natasha
  2134 | D:4      | Killed Natasha
  2278 | D:4      | Noticed Natasha
  2287 | D:4      | Killed Natasha
  2984 | D:4      | Noticed Natasha
  2991 | D:4      | Killed Natasha
  3102 | D:5      | Entered Level 5 of the Dungeon
  3108 | D:5      | Reached XP level 7. HP: 57/57 MP: 6/6
  3111 | D:5      | Found a glowing drain.
  3159 | Sewer    | Entered a sewer
  3338 | Sewer    | Found a burning altar of Makhleb.
  3347 | Sewer    | Reached skill level 10 in Axes
  3434 | Sewer    | Noticed Grinder
  3443 | Sewer    | Paralysed by Grinder for 4 turns
  3458 | Sewer    | Killed Grinder
  3459 | Sewer    | Reached XP level 8. HP: 37/64 MP: 5/7
  4077 | D:5      | Identified the +2 pair of boots "Hant" {Str+2}
  4937 | D:6      | Found a runed translucent gate.
  4939 | D:6      | Found a runed translucent gate.
  4940 | D:6      | Found a runed translucent gate.
  4941 | D:6      | Noticed Midn8's ghost (novice OpCj)
  4957 | D:6      | Killed Midn8's ghost
  4958 | D:6      | Reached XP level 9. HP: 40/70 MP: 8/8
  6184 | D:7      | Reached skill level 15 in Axes
  6333 | D:7      | Found a staircase to the Ecumenical Temple.
  6349 | Temple   | Entered the Ecumenical Temple
  6483 | Temple   | Became a worshipper of Gozag Ym Sagoz the Greedy
  6673 | D:1      | Bought a +2 buckler of reflection for 203 gold pieces
  6957 | D:7      | Found a runed translucent door.
  6958 | D:7      | Noticed Crazy Yiuf
  6963 | D:7      | Killed Crazy Yiuf
  7426 | D:8      | Noticed a two-headed ogre
  7435 | D:8      | Killed a two-headed ogre
  7436 | D:8      | Reached XP level 10. HP: 71/77 MP: 9/9
  7639 | D:8      | Noticed a death yak
  7642 | D:8      | Found a staircase to the Lair.
  7642 | D:8      | Noticed a death yak
  7642 | D:8      | Noticed a death yak
  7642 | D:8      | Noticed a death yak
  7642 | D:8      | Noticed a death yak
  7649 | D:8      | Killed a death yak
  7649 | D:8      | Noticed a death yak
  7651 | D:8      | Noticed a death yak
  7663 | D:7      | Killed a death yak
  7813 | D:7      | Killed a death yak
  7814 | D:7      | Reached skill level 5 in Fighting
  7814 | D:7      | Reached skill level 5 in Armour
  7814 | D:7      | Killed a death yak
  8031 | D:7      | Killed a death yak
  8111 | D:7      | Killed a death yak
  8112 | D:7      | Reached XP level 11. HP: 59/92 MP: 10/10
  8219 | D:7      | Killed a death yak
  8701 | D:9      | Noticed a two-headed ogre
  8710 | D:9      | Killed a two-headed ogre
  8942 | D:9      | Found a staircase to the Orcish Mines.
  9090 | D:9      | Found a runed translucent door.
  9101 | D:9      | Noticed a four-headed hydra
  9101 | D:9      | Noticed Newt's ghost (journeyman DsGl)
  9749 | D:10     | Entered Level 10 of the Dungeon
  9764 | D:10     | Reached skill level 5 in Shields
  9855 | D:10     | Noticed Joseph
  9867 | D:10     | Killed Joseph
  9868 | D:10     | Reached skill level 10 in Fighting
 10832 | D:11     | Reached XP level 12. HP: 110/110 MP: 11/11
 11016 | D:11     | Reached skill level 10 in Armour
 11554 | D:12     | Noticed a two-headed ogre
 11567 | D:12     | Killed a two-headed ogre
 11891 | D:12     | Found a portal to a secret trove of treasure.
 11955 | D:12     | Found Estrebel's Antique Weapon Emporium.
 12624 | D:13     | Noticed a seven-headed hydra
 12635 | D:13     | Killed a two-headed hydra
 12751 | D:13     | Noticed a death knight
 12761 | D:13     | Killed a death knight
 12762 | D:13     | Reached skill level 1 in Throwing
 12762 | D:13     | Reached skill level 1 in Evocations
 13263 | D:13     | Noticed a centaur warrior
 13263 | D:13     | Noticed a boulder beetle
 13263 | D:13     | Noticed a centaur warrior
 13263 | D:13     | Noticed a tengu warrior
 13263 | D:13     | Noticed a fire dragon
 13263 | D:13     | Noticed a boulder beetle
 13287 | D:13     | Killed a centaur warrior
 13298 | D:13     | Killed a tengu warrior
 13299 | D:13     | Reached XP level 13. HP: 122/122 MP: 12/12
 13308 | D:13     | Killed a fire dragon
 14475 | Lair:1   | Entered Level 1 of the Lair of Beasts
 14520 | Lair:1   | Found a frozen archway.
 14535 | IceCv    | Entered an ice cave
 14836 | IceCv    | Reached skill level 5 in Throwing
 15180 | IceCv    | Identified the +5 scale mail "Jiqucloa" {MP+9}
 15345 | IceCv    | Reached skill level 5 in Evocations
 15409 | IceCv    | Found a viscous altar of Jiyva.
 15409 | IceCv    | Noticed an azure jelly
 15420 | IceCv    | Killed an azure jelly
 15424 | IceCv    | Noticed an azure jelly
 15441 | IceCv    | Killed an azure jelly
 15680 | IceCv    | Identified the ring of Propriety {rC++ rN++ Str+6 Dex-3}
 15976 | Lair:1   | Identified the +5 morningstar "Hisyuhuutu" {venom, rElec}
 16319 | Lair:1   | Reached skill level 15 in Fighting
 16319 | Lair:1   | Reached XP level 14. HP: 105/135 MP: 13/13
 17949 | Lair:2   | Found a staircase to the Swamp.
 18697 | Lair:3   | Found a staircase to the Snake Pit.
 18960 | Lair:3   | Found a transporter.
 18965 | Lair:3   | Noticed SirDiesAlot's ghost (journeyman OpSh)
 18985 | Lair:3   | Found a transporter.
 20361 | Lair:4   | Identified the +3 trident "Bus Kis" {flame, SInv}
 21126 | Lair:5   | Entered Level 5 of the Lair of Beasts
 21684 | Lair:5   | Found a viscous altar of Jiyva.
 21684 | Lair:5   | Found a staircase to the Slime Pits.
 21804 | Lair:5   | Reached XP level 15. HP: 74/145 MP: 14/14
 22264 | Lair:5   | Found the amulet of the Air {Inacc Air Fly rElec RMsl}
 22298 | Lair:5   | Reached skill level 15 in Armour
 23341 | Orc:1    | Entered Level 1 of the Orcish Mines
 23341 | Orc:1    | Found Xoid's Antique Armour Shop.
 23513 | Orc:1    | Found Elaxed's General Store.
 23801 | Orc:1    | Found Ogim's Jewellery Shop.
 23809 | Orc:1    | Bought an amulet of regeneration for 390 gold pieces
 24002 | Orc:2    | Entered Level 2 of the Orcish Mines
 24097 | Orc:2    | Paralysed by an orc sorcerer for 3 turns
 24109 | Orc:2    | Found Egiodosm's Jewellery Boutique.
 24210 | Orc:2    | Found Inlaq's Antique Armour Boutique.
 24216 | Orc:2    | Found a staircase to the Elven Halls.
 24253 | Orc:2    | Found Feups's Antique Weapon Shop.
 24316 | Orc:2    | Bought an iridescent broad axe for 333 gold pieces
 24316 | Orc:2    | Identified the +8 broad axe of Dishonesty {freeze, Str+5
                  | Stlth-} (You bought it in a shop on level 2 of the Orcish
                  | Mines)
 24352 | Orc:2    | Found Seodoet's General Store.
 24382 | Orc:2    | Bought 2 potions of curing for 84 gold pieces
 24536 | Orc:2    | Reached skill level 10 in Throwing
 24732 | Orc:1    | Noticed Erica
 24732 | Orc:1    | Found Xiguxt's Antique Armour Shop.
 24732 | Orc:1    | Found Pilob's Book Shop.
 24737 | Orc:1    | Killed Erica
 24986 | D:14     | Identified a scroll of acquirement
 24987 | D:14     | Acquired 519 gold pieces
 25020 | D:14     | Found a runed translucent gate.
 25021 | D:14     | Found a runed translucent gate.
 25062 | D:14     | Found a runed translucent gate.
 25063 | D:14     | Noticed Ylounoac's ghost (journeyman MiBe)
 25113 | D:14     | Killed Ylounoac's ghost
 25341 | D:14     | Found a gate to the Vaults.
 25426 | D:14     | Noticed Frances
 25439 | D:14     | Killed Frances
 25728 | D:15     | Entered Level 15 of the Dungeon
 25950 | D:15     | Found a staircase to the Depths.
 26029 | D:15     | Found a shimmering blue altar of Sif Muna.
 26055 | D:15     | Got Sif Muna's Quarto of the Escort
 26117 | D:15     | Reached XP level 16. HP: 157/157 MP: 15/15
 26805 | Swamp:1  | Entered Level 1 of the Swamp
 26978 | Swamp:1  | Noticed Louise
 26990 | Swamp:1  | Killed Louise
 27859 | Swamp:2  | Noticed a thorn hunter
 27869 | Swamp:2  | Killed a thorn hunter
 28824 | Swamp:4  | Entered Level 4 of the Swamp
 29019 | Swamp:4  | Noticed a thorn hunter
 29035 | Swamp:4  | Killed a thorn hunter
 29061 | Swamp:4  | Reached XP level 17. HP: 85/170 MP: 16/16
 29121 | Swamp:4  | Got a decaying rune of Zot
 29730 | Snake:1  | Entered Level 1 of the Snake Pit
 30238 | Snake:1  | Noticed Roxanne
 30259 | Snake:1  | Killed Roxanne
 30965 | Snake:1  | You are sucked into a shaft and drop 1 floor!
 31122 | Snake:2  | Noticed Vashnia
 31139 | Snake:2  | Shot with an arrow by Vashnia

Illustrated notes

Levels and vault maps discovered:
D:1:      psy_arrival_whirlpool, layout_rooms, serial_shops,
          nicolae_shop_real_fake_doors
D:2:      layout_basic, nicolae_grassy_gnolls
D:3:      minmay_angry_zag, layout_loops_ring, nicolae_yredelemnul_corpse_copse,
          minmay_misc_feat_diagonals, kennysheep_donut, uniq_jessica,
          uniq_terence
D:4:      layout_loops_corners, minivault_5, uniq_natasha
D:5:      layout_loops_corners, portal_sewer_entry_a, glass_columns_b
D:6:      layout_loops_ring, ebering_ghost_rock_garden, water_boxes_lemuel
D:7:      layout_rooms, minmay_temple_entry_statues_fountains,
          uniq_crazy_yiuf_cottage
D:8:      layout_cave_pools, dpeg_lair_monsters
D:9:      layout_grid_maze, david_orc_2, ebering_ghost_inner_flame,
          grunt_ministairs_15, minmay_misc_feat_four_crosses
D:10:     layout_long_grid, uniq_joseph
D:11:     layout_loops_ring
D:12:     layout_rooms, nicolae_trove_entry_free_sample, special_room
          [special_room_orc], serial_shops, shop
D:13:     layout_basic, minivault_28
D:14:     layout_cave_pools, david_vaults_5, roderic_serpentine_path,
          biasface_ghost_orc_armoury, uniq_frances
D:15:     grunt_enter_depths_magical_seal, layout_gridville, drop_trap,
          led_sif_book
Temple:   roderic_octagonal_lattice_temple
Lair:1:   dreamdust_isle_of_ice, layout_misc_corridors,
          portal_ice_cave_entry_ice_simulacra, amcnicky_mini_pool_medium
Lair:2:   layout_loops_ring, skrybe_swamp_entry_bodies,
          minmay_stone_trees_medium, serial_bayou_lake_a
Lair:3:   layout_small_grid, minmay_snake_entry_six_corridors,
          gammafunk_ghost_berserking_beasts, minmay_hedge_maze,
          grunt_forest_large_clearings, lemuel_fruit_tree,
          infiniplex_staircase_pool_2
Lair:4:   layout_layer_cave
Lair:5:   due_jungle_book, layout_regular_city, dpeg_slime_entry_corner
Swamp:1:  layout_basic_swamp, evilmike_swamp_ruin_house_5, uniq_louise
Swamp:2:  layout_basic_swamp, evilmike_swamp_ruin_house_1, swamp_pool2,
          hangedman_swamp_diagram
Swamp:3:  layout_basic_swamp, hangedman_swamp_lotus
Swamp:4:  swamp, layout_basic_swamp, infiniplex_staircase_pool
Snake:1:  layout_basic, nicolae_snake_gridmaze_spiral, hangedman_snake_pattern,
          grunt_megastairs_5, serial_bayou_shore_b, uniq_roxanne
Snake:2:  layout_cave_shapes, grunt_megastairs_3, uniq_vashnia, uniq_aizul
Orc:1:    layout_caves, serial_shops, nicolae_shop_crystal, shop, shop, shop,
          nicolae_shop_behind_doors, uniq_erica
Orc:2:    grunt_orc_gardens, layout_caves, grunt_orc_garden, grunt_orc_garden,
          grunt_orc_garden, grunt_orc_garden, bh_open_orc_temple

Skill      XL: |  1  2  3  4  5  6  7  8  9 10 11 12 13 14 15 16 17 |
---------------+----------------------------------------------------+-----
Axes           | 3 4 5 6 7 9 11 14 16 18 19 20 | 20.1
Fighting       | 7 11 13 15 16 18 19 20 | 20.4
Armour         | 7 9 11 13 14 16 18 19 | 19.2
Shields        | 6 8 |  8.2
Throwing       | 2 6 8 10 | 10.0
Evocations     | 2 5 7 8 |  8.0

Action                     |  1- 3 |  4- 6 |  7- 9 | 10-12 | 13-15 | 16-18 || total
---------------------------+-------+-------+-------+-------+-------+-------++-------
  Melee: War axe           |    60 |   114 |   234 |   445 |       |       ||   853
         Headbutt          |     5 |    19 |    28 |   100 |   279 |    98 ||   529
         Broad axe         |       |       |       |    37 |  1052 |   454 ||  1543
 Invoke: Potion Petition   |       |       |       |     1 |     4 |       ||     5
  Evoke: Wand              |       |     3 |     5 |     4 |     5 |       ||    17
    Use: Scroll            |     3 |     4 |    11 |     5 |    12 |     3 ||    38
         Potion            |     1 |       |       |     2 |     7 |     2 ||    12
   Stab: Distracted        |       |       |       |     2 |     4 |     1 ||     7
 Armour: Scale mail        |     3 |       |       |       |   147 |       ||   150
         Chain mail        |    40 |    65 |   149 |    27 |       |       ||   281
         Plate armour      |       |       |       |   211 |   104 |       ||   315
         Skin              |       |       |       |       |     2 |       ||     2
         Gold dragon scale |       |       |       |       |   375 |   357 ||   732
  Dodge: Dodged            |    38 |    48 |    90 |   136 |   259 |   148 ||   719
  Block: Buckler           |    14 |    24 |    55 |   141 |   334 |   144 ||   712
         Reflection        |       |       |       |     9 |     8 |     7 ||    24

Table legend: (Time is in decaauts)
 A = Elapsed time spent in this place.
 B = Non-inter-level travel time spent in this place.
 C = Inter-level travel time spent in this place.
 D = Time resting spent in this place.
 E = Time spent auto-exploring this place.
 F = Levels seen in this place.
 G = Mean time per level.
                   A        B        C        D        E       F      G
               +--------+--------+--------+--------+--------+-----+--------+
         Total |  30649 |  28970 |   1679 |   2973 |  17154 |  31 |  988.7 |
       Dungeon |  15986 |  14811 |   1175 |   1835 |   8919 |  15 | 1065.7 |
        Temple |    154 |    133 |     21 |      0 |      0 |   1 |  154.0 |
          Lair |   7264 |   6967 |    297 |    489 |   4535 |   5 | 1452.8 |
         Swamp |   2815 |   2690 |    125 |    179 |   1626 |   4 |  703.8 |
     Snake Pit |   1369 |   1369 |      0 |     48 |    838 |   2 |  684.5 |
  Orcish Mines |   1411 |   1352 |     59 |      0 |    828 |   2 |  705.5 |
         Sewer |    466 |    466 |      0 |      0 |    144 |   1 |  466.0 |
      Ice Cave |   1180 |   1180 |      0 |    422 |    263 |   1 | 1180.0 |
               +--------+--------+--------+--------+--------+-----+--------+

Top non-repeatable levels by time:
  Lair:5: 2040 daAuts
     D:6: 1917 daAuts
    D:13: 1845 daAuts
  Lair:3: 1441 daAuts
  Lair:2: 1375 daAuts
     D:7: 1326 daAuts
  Lair:1: 1293 daAuts
     D:9: 1275 daAuts
     D:4: 1223 daAuts
 Snake:1: 1204 daAuts
   IceCv: 1180 daAuts
  Lair:4: 1114 daAuts
    D:12: 1071 daAuts
    D:10: 1034 daAuts
     D:5: 944 daAuts
